 Dungeon Crawl Stone Soup version 0.31-a0-1005-gfbdfbacc72 (webtiles) character file.

Game seed: 5217151033150753208

41142 BinkBink the Eclecticist (level 13, 0/56 HPs)
             Began as a Deep Elf Air Elementalist on Nov 11, 2023.
             Was a High Priest of Hepliaklqana.
             Slain by a harpy zombie (3 damage)
             ... in a Gauntlet.
             The game lasted 01:06:32 (26863 turns).

BinkBink the Eclecticist (DEAE)                    Turns: 26863, Time: 01:06:35

Health: 0/56       AC: 11    Str:  5    XL:     13   Next: 78%
Magic:  44/46      EV: 20    Int: 32    God:    Hepliaklqana [*****.]
Gold:   824        SH:  0    Dex: 15    Spells: 33/48 levels left

rFire   . . .        f - staff of air
rCold   . . .        (no shield)
rNeg    . . .        H - +0 steam dragon scales
rPois   .            q - +0 helmet
rElec   +            Q - +0 cloak
rCorr   .            P - +0 pair of gloves
SInv    .            U - +2 pair of boots {Fly}
Will    +....        r - amulet of magic regeneration
Stlth   ++           g - ring of magical power
HPRegen 0.29/turn    w - +6 ring of intelligence
MPRegen 0.70/turn

%: no teleportation
@: lethally poisoned (0 -> -24), swift, flying, studying Ranged Weapons, quick
A: reduced essence
a: Renounce Religion, Recall Ancestor, Ancestor Identity, Transference, Idealise


You were in a Gauntlet.
You worshipped Hepliaklqana.
Hepliaklqana was extremely pleased with you.
You visited 3 branches of the dungeon, and saw 19 of its levels.
You also visited: Bailey and Gauntlet.

You collected 1220 gold pieces.
You spent 396 gold pieces at shops.

Inventory:

Armour
 l - an orb of energy
 q - a +0 helmet (worn)
 H - +0 steam dragon scales (worn)
 P - a +0 pair of gloves (worn)
 Q - a +0 cloak (worn)
 U - a +2 pair of boots of flying (worn)
Magical Staves
 f - a staff of air (weapon)
Jewellery
 a - a ring of wizardry
 g - a ring of magical power (left hand)
 r - an amulet of magic regeneration (around neck)
 v - a ring of willpower
 w - a +6 ring of intelligence (right hand)
 y - a ring of poison resistance
 A - the amulet "Kotidyop" {Spirit Int+4}
   (You found it in a Gauntlet)

   [amulet of guardian spirit]

   Spirit:    It causes incoming damage to be divided between your reserves of
   health and magic.
   Int+4:     It affects your intelligence (+4).
Wands
 p - a wand of light (7)
 D - a wand of flame (74)
 O - a wand of iceblast (27)
 Z - a wand of charming (6)
Scrolls
 i - 7 scrolls of teleportation
 j - 5 scrolls of fear
 m - a scroll of identify
 n - a scroll of vulnerability
 o - a scroll of poison
 s - 2 scrolls of noise
 t - 4 scrolls of immolation
 u - 2 scrolls of amnesia
 J - 2 scrolls of brand weapon {unknown}
 K - 2 scrolls of fog
 R - a scroll of torment {unknown}
 V - 2 scrolls of enchant weapon
 W - 2 scrolls of silence {unknown}
 X - 3 scrolls of enchant armour
Potions
 b - a potion of magic
 c - 3 potions of brilliance
 d - 3 potions of might
 e - 5 potions of curing
 h - 2 potions of attraction {unknown}
 k - 5 potions of enlightenment
 x - a potion of invisibility {unknown}
 z - a potion of mutation
 C - 3 potions of haste
 G - 5 potions of heal wounds {unknown}
 I - 2 potions of lignification {unknown}
 N - a potion of experience {unknown}
 Y - a potion of degeneration {unknown}


   Skills:
 + Level 14.4 Dodging
 - Level 2.8 Stealth
 + Level 18.2 Spellcasting
 + Level 7.3 Conjurations
 + Level 14.4 Air Magic


You had 33 spell levels left.
You knew the following spells:

 Your Spells              Type           Power      Damage    Failure   Level
a - Shock                 Conj/Air       100%       1d9       0%          1
b - Static Discharge      Conj/Air       100%       3-8/arc   1%          2
c - Swiftness             Air            100%       N/A       0%          3
d - Airstrike             Air            55%        2d(8-24)  1%          4
e - Freezing Cloud        Conj/Ice/Air   42%        6-21      1%          5

Your spell library contained the following spells:

 Spells                   Type           Power      Damage    Failure   Level
 Apportation              Tloc           58%        N/A       1%          1
 Kiss of Death            Conj/Necr      100%       2d13      1%          1
 Necrotise                Necr           100%       1d9       1%          1
 Slow                     Hex            100%       N/A       1%          1
 Summon Small Mammal      Summ           100%       N/A       1%          1
 Cigotuvi's Dreadful Rot  Necr/Pois/Air  100%       N/A       1%          2
 Jinxbite                 Hex            58%        N/A       1%          2
 Vhi's Electric Charge    Tloc/Air       100%       N/A       1%          4
 Arcjolt                  Conj/Air       49%        1d59      1%          5
 Conjure Ball Lightning   Conj/Air       49%        3x3d17    2%          6
 Call Canine Familiar     Summ           29%        N/A       4%          3
 Confusing Touch          Hex            29%        N/A       4%          3
 Frozen Ramparts          Ice            58%        1d9       4%          3
 Ignite Poison            Fire/Tmut/Pois 29%        N/A       4%          3
 Sigil of Binding         Hex            29%        N/A       4%          3
 Summon Guardian Golem    Hex/Summ       29%        N/A       4%          3
 Vampiric Draining        Necr           29%        2d8       4%          3
 Plasma Beam              Fire/Air       42%        2x1d56    11%         6
 Animate Dead             Necr           29%        N/A       13%         4
 Dispel Undead            Necr           29%        3d13      13%         4
 Petrify                  Tmut/Erth      29%        N/A       13%         4
 Agony                    Necr           29%        N/A       36%         5
 Alistair's Intoxication  Tmut/Pois      19%        N/A       36%         5
 Borgnjor's Vile Clutch   Necr/Erth      14%        N/A       36%         5
 Metabolic Englaciation   Hex/Ice        14%        N/A       36%         5
 Summon Forest            Summ/Tloc      14%        N/A       36%         5
 Summon Mana Viper        Hex/Summ       29%        N/A       36%         5
 Death Channel            Necr           14%        N/A       90%         6
 Summon Cactus Giant      Summ           14%        N/A       90%         6
 Monstrous Menagerie      Summ           14%        N/A       100%        7


Dungeon Overview and Level Annotations

Branches:
Dungeon (13/15)            Temple (1/1) D:6            Lair (5/5) D:9
  Snake (0/4) Lair:3          Orc (0/2) D:9          Bailey (visited)
Gauntlet (1/1)
  Swamp: Lair:2-3    Shoals: Lair:2-3     Slime: Lair:4-5    Vaults: D:13-14

Altars:
Ashenzari
Cheibriados
Dithmenos
Elyvilon
Fedhas
Gozag
Hepliaklqana
Kikubaaqudgha
Makhleb
Nemelex Xobeh
Okawaru
Qazlal
Ru
Sif Muna
Trog
Uskayaw
Vehumet
Wu Jian
Xom
Yredelemnul
Zin
The Shining One

Shops:
D:6 (   D:11 *

Portals:
Abyss: D:3

Annotations:
D:3 2 transporters, haldagan's ghost, amateur DsSh
D:5 1 runed translucent door, Nitrous's ghost, novice DEFE
D:8 3 runed translucent doors, chipmonk's ghost, novice GrFi
D:13 Nessos
Lair:3 Gastronok Gauntlet 13 transporters, 15 runed translucent doors


Message History

You feel extremely sick.
The harpy zombie claws you but does no damage.
The harpy zombie misses you. The death drake barely misses you.
The harpy zombie barely misses you.
The harpy zombie claws you but does no damage.
You feel better.
You are engulfed in dark miasma.
You are lethally poisoned!
* * * LOW HITPOINT WARNING * * *
x2 You feel very sick.
The harpy zombie closely misses you. The harpy zombie misses you.
The death drake bites you but does no damage.
The harpy zombie misses you.
The harpy zombie claws you but does no damage.
You feel better. The harpy zombie claws you.
* * * LOW HITPOINT WARNING * * *
The harpy zombie claws you.
* * * LOW HITPOINT WARNING * * *
The death drake completely misses you. The harpy zombie claws you.
* * * LOW HITPOINT WARNING * * *
The harpy zombie barely misses you. The death drake misses you.
The harpy zombie barely misses you. The harpy zombie closely misses you.
Okay, then.
Okay, then.
Casting: Swiftness (safe; 0% risk of failure)
Confirm with . or Enter, or press ? or * to list all spells.
Okay, then.
You feel better. The harpy zombie barely misses you.
The harpy zombie closely misses you. The harpy zombie claws you!
* * * LOW HITPOINT WARNING * * *
The harpy zombie misses you. The death drake breathes miasma at you.
The foul vapour misses you.
You feel better.
You are engulfed in dark miasma.
You are lethally poisoned!
* * * LOW HITPOINT WARNING * * *
x2 You feel extremely sick.
The harpy zombie misses you. The harpy zombie closely misses you.
The death drake misses you. The harpy zombie barely misses you.
The harpy zombie claws you.
You die...

.......©#§§8≈≈#.#..............##
###############.#############....
≈≈#©...........©...........©#....
#################################
.......J#.#...#.#...#.#.y.......#
#.#.#.#.#.#..#...#..#.#.........#
.#.#.#..#.#.##°○.##.#.#s#######.#
#.#.#.#.#.##..#k#○.##.##.#.#.#.##
.#.©.#..#.#...○R@Z○.#.#....©....#
#.#.#.#.#.##..#○#○.##.#.#.#.#.#.#
.#.#.#..#.#.#######.#.#.#######.#
#.#.#.#.#.#..#...#.Z#.#.........#
.[?©?..J#.#...=©$?Zk#.#../?©.[..#
#########.###########.###########
................................§
................................§
#################################


You could see the friendly Xiuhtonal the knight, a death drake (catching
breath), a redback and a harpy zombie (ally target).

Vanquished Creatures
  4 hydras
  2 two-headed ogres
  2 boulder beetles
  A skyshark (Lair:2)
  2 arcanists (D:10)
  An orc knight (Bailey)
  A deep elf pyromancer (D:12)
  3 cyclopes
  A manticore (D:12)
  5 ugly things (D:10)
  4 elephants (Lair:5)
  Maurice (D:8)
  Joseph (D:7)
  3 black mambas
  Maggie (D:10)
  3 cane toads
  10 komodo dragons
  A kobold demonologist (D:12)
  2 rime drakes (Lair:3)
  3 trolls
  A hornet (D:7)
  3 polar bears
  7 blink frogs
  2 slime creatures (D:12)
  2 shadows
  29 yaks
  3 wraiths (D:11)
  4 wyverns
  Eustachio (D:6)
  A vampire (D:11)
  A centaur simulacrum (Gauntlet)
  2 steam dragons
  A basilisk (Lair:1)
  Menkaure (D:5)
  6 vampire mosquitoes
  2 swamp worms (Gauntlet)
  2 nagas (Lair:3)
  An acid dragon (D:8)
  9 water moccasins
  A black bear (D:5)
  7 ice beasts
  6 orc warriors
  A centaur (D:12)
  2 ogres
  2 phantoms
  4 bullfrogs
  2 gnoll sergeants
  Blork the orc (D:6)
  A scorpion (D:6)
  A cane toad simulacrum (Gauntlet)
  13 wights
  8 killer bees
  An electric eel (Lair:5)
  9 howler monkeys
  2 jellies
  3 orc priests
  3 sleepcaps
  A hound (D:4)
  A gnoll bouda (D:4)
  2 iguanas
  Ijyb (D:3)
  5 hell rats (Lair:2)
  6 orc wizards
  A boggart simulacrum (Gauntlet)
  Robin (D:3)
  12 adders
  24 gnolls
  3 river rats (Lair:2)
  A shadow imp (D:7)
  A white imp (D:5)
  4 ufetubi (D:6)
  2 worms (D:4)
  A dart slug (D:4)
  56 orcs
  6 bats
  6 endoplasms
  2 giant cockroaches
  25 goblins
  9 hobgoblins
  14 jackals
  3 quokkas
  5 ball pythons
  5 frilled lizards
  14 kobolds
  11 rats
418 creatures vanquished.

Vanquished Creatures (collateral kills)
  Harold (D:10)
  3 death yaks (D:9)
  A manticore (D:12)
  2 ugly things (D:10)
  A cyclops (D:11)
  A komodo dragon (Lair:4)
  A rime drake (Lair:3)
  2 blink frogs (Lair:2)
  A slime creature (D:12)
  2 centaur simulacra (Gauntlet)
  6 yaks
  A wyvern (Lair:3)
  A swamp worm (Gauntlet)
  An orc warrior (Bailey)
  A bullfrog (D:9)
  A killer bee (D:9)
  A goblin (Bailey)
27 creatures vanquished.

Vanquished Creatures (others)
  4 knights
  4 ancestors
8 creatures vanquished.

Grand Total: 453 creatures vanquished

Notes
Turn   | Place    | Note
-------+----------+-------------------------------------------
     0 | D:1      | BinkBink the Deep Elf Air Elementalist began the quest for
                  | the Orb.
     0 | D:1      | Reached XP level 1. HP: 10/10 MP: 6/6
   244 | D:1      | Reached XP level 2. HP: 15/15 MP: 2/8
  1137 | D:2      | Reached XP level 3. HP: 19/19 MP: 5/10
  1584 | D:2      | Reached skill level 4 in Spellcasting
  2092 | D:3      | Found a transporter.
  2099 | D:3      | Noticed a small abomination
  2138 | D:3      | Reached XP level 4. HP: 24/24 MP: 12/12
  2294 | D:3      | Found a one-way gate to the infinite horrors of the Abyss.
  2294 | D:3      | Noticed haldagan's ghost (amateur DsSh)
  2294 | D:3      | Noticed a kobold brigand
  2373 | D:3      | Noticed Ijyb
  2390 | D:3      | Killed Ijyb
  2589 | D:3      | Noticed Robin
  2599 | D:3      | Killed Robin
  2600 | D:3      | Reached skill level 5 in Spellcasting
  2868 | D:3      | Learned a level 2 spell: Static Discharge
  2882 | D:3      | Reached XP level 5. HP: 28/28 MP: 14/14
  3067 | D:3      | Learned a level 3 spell: Swiftness
  3089 | D:3      | Found a transporter.
  3156 | D:3      | Noticed a small abomination
  3412 | D:4      | Reached skill level 6 in Spellcasting
  3485 | D:4      | Found a glowing silver altar of Zin.
  3495 | D:4      | Noticed an ice beast
  3706 | D:4      | Reached skill level 5 in Air Magic
  3706 | D:4      | Reached XP level 6. HP: 25/32 MP: 17/17
  3874 | D:4      | Killed an ice beast
  4038 | D:4      | Reached skill level 7 in Spellcasting
  4211 | D:4      | Reached XP level 7. HP: 36/36 MP: 19/19
  5016 | D:3      | Learned a level 4 spell: Airstrike
  5080 | D:5      | Identified the "Vibre"
  5080 | D:5      | Entered Level 5 of the Dungeon
  5466 | D:4      | Reached skill level 8 in Spellcasting
  9317 | D:5      | Found a radiant altar of Vehumet.
  9383 | D:5      | Found a runed translucent door.
  9383 | D:5      | Noticed Nitrous's ghost (novice DEFE)
  9418 | D:5      | Noticed Menkaure
  9419 | D:5      | Killed Menkaure
  9420 | D:5      | Reached skill level 9 in Spellcasting
  9420 | D:5      | Reached XP level 8. HP: 41/41 MP: 23/23
  9822 | D:6      | Noticed Eustachio
  9826 | D:6      | Killed Eustachio
  9827 | D:6      | Reached skill level 10 in Spellcasting
  9897 | D:6      | Found Kimisuco's Weapon Boutique.
 10062 | D:6      | Noticed Blork the orc
 10066 | D:6      | Killed Blork the orc
 10181 | D:6      | Found a staircase to the Ecumenical Temple.
 10190 | Temple   | Entered the Ecumenical Temple
 10267 | Temple   | Became a worshipper of Hepliaklqana the Forgotten
 10441 | D:6      | Reached skill level 11 in Spellcasting
 10441 | D:6      | Reached XP level 9. HP: 45/45 MP: 16/26
 11300 | D:7      | Reached skill level 5 in Dodging
 11799 | D:7      | Reached skill level 12 in Spellcasting
 11930 | D:7      | Reached * piety under Hepliaklqana
 12540 | D:7      | Noticed Joseph
 12546 | D:7      | Killed Joseph
 12547 | D:7      | Reached skill level 10 in Air Magic
 12547 | D:7      | Reached XP level 10. HP: 45/45 MP: 22/28
 12865 | D:8      | Noticed Maurice
 12869 | D:8      | Killed Maurice
 12870 | D:8      | Reached skill level 13 in Spellcasting
 12939 | D:8      | Found a runed translucent gate.
 12954 | D:8      | Found a runed translucent gate.
 12954 | D:8      | Noticed chipmonk's ghost (novice GrFi)
 12955 | D:8      | Found a runed translucent gate.
 12955 | D:8      | Noticed a nine-headed hydra
 13334 | D:8      | Reached ** piety under Hepliaklqana
 13335 | D:8      | Remembered your ancestor Xiuhtonal as a knight
 13475 | D:8      | Found a sacrificial altar of Ru.
 13884 | D:9      | Found a staircase to the Orcish Mines.
 13953 | D:9      | Noticed a death yak
 13956 | D:9      | Noticed a death yak
 13958 | D:9      | Noticed a death yak
 13963 | D:9      | Killed a death yak
 13976 | D:9      | Killed a death yak
 14213 | D:9      | Found a flagged portal.
 14226 | Bailey   | Entered a bailey
 14360 | Bailey   | Identified the +1 broad axe of Mourning {freeze, Stlth+}
 14388 | Bailey   | Noticed an orc knight
 15273 | Bailey   | Killed an orc knight
 15274 | Bailey   | Reached skill level 14 in Spellcasting
 16755 | Bailey   | Identified a scroll of acquirement
 16787 | D:9      | Noticed a two-headed ogre
 16791 | D:9      | Killed a two-headed ogre
 16792 | D:9      | Reached XP level 11. HP: 48/48 MP: 29/31
 17184 | D:9      | Killed a death yak
 17190 | D:9      | Reached skill level 10 in Dodging
 17264 | D:9      | Found a staircase to the Lair.
 17339 | D:9      | Found a blossoming altar of Fedhas.
 17437 | D:9      | Acquired a staff of air
 17472 | D:10     | Entered Level 10 of the Dungeon
 17587 | D:10     | Noticed a two-headed ogre
 17590 | D:10     | Killed a two-headed ogre
 17790 | D:10     | Reached skill level 15 in Spellcasting
 17852 | D:10     | Noticed Maggie
 17857 | D:10     | Killed Maggie
 18036 | D:10     | Found a glowing golden altar of the Shining One.
 18115 | D:10     | Noticed Harold
 18121 | D:10     | Killed Harold
 18156 | D:10     | Reached *** piety under Hepliaklqana
 18164 | D:10     | Found a stormy altar of Qazlal.
 18343 | D:10     | Noticed a purple ugly thing
 18347 | D:10     | Noticed a cyan ugly thing
 18347 | D:10     | Noticed a cyan ugly thing
 18349 | D:10     | Killed a purple ugly thing
 18352 | D:10     | Killed a cyan ugly thing
 18355 | D:10     | Noticed a brown ugly thing
 18356 | D:10     | Killed a cyan ugly thing
 18372 | D:10     | Killed a brown ugly thing
 18461 | D:10     | Noticed a brown ugly thing
 18463 | D:10     | Noticed a purple ugly thing
 18469 | D:10     | Killed a brown ugly thing
 18474 | D:10     | Killed a purple ugly thing
 18540 | D:10     | Noticed an arcanist
 18542 | D:10     | Killed an arcanist
 18543 | D:10     | Reached XP level 12. HP: 53/53 MP: 33/33
 18892 | D:10     | Reached skill level 16 in Spellcasting
 19643 | D:11     | Noticed a boulder beetle
 19679 | D:11     | Killed a boulder beetle
 19907 | D:11     | Found Bacutuuf's Demolitions Depot.
 19927 | D:11     | Bought a book of Lightning for 396 gold pieces
 19936 | D:11     | Learned a level 5 spell: Freezing Cloud
 20314 | D:12     | Noticed a boulder beetle
 20335 | D:12     | Reached **** piety under Hepliaklqana
 20856 | D:12     | HP: 1/53 [boulder beetle (17)]
 20858 | D:12     | Killed a boulder beetle
 21280 | D:13     | Noticed Nessos
 21534 | D:13     | Noticed a centaur warrior
 21788 | Lair:1   | Entered Level 1 of the Lair of Beasts
 21952 | Lair:1   | Reached skill level 17 in Spellcasting
 22105 | Lair:1   | Reached XP level 13. HP: 56/56 MP: 17/36
 22183 | Lair:1   | Reached skill level 5 in Conjurations
 23862 | Lair:2   | Identified the +5 scale mail "Licriev" {*Corrode rPois
                  | Will+++}
 24865 | Lair:3   | Identified the "Setyeq"
 25036 | Lair:3   | Reached ***** piety under Hepliaklqana
 25036 | Lair:3   | Noticed Gastronok
 25225 | Lair:3   | Found a staircase to the Snake Pit.
 25510 | Lair:3   | You are sucked into a shaft and drop 2 floors!
 25510 | Lair:5   | Entered Level 5 of the Lair of Beasts
 25688 | Lair:5   | Reached skill level 18 in Spellcasting
 26200 | Lair:4   | Found a gate leading to a gauntlet.
 26209 | Gauntlet | Entered a Gauntlet
 26209 | Gauntlet | Found a transporter.
 26209 | Gauntlet | Found a large runed translucent door.
 26209 | Gauntlet | Found a large runed translucent door.
 26209 | Gauntlet | Found a large runed translucent door.
 26209 | Gauntlet | Found a large runed translucent door.
 26209 | Gauntlet | Found a runed translucent door.
 26209 | Gauntlet | Found a runed translucent door.
 26209 | Gauntlet | Found a large runed translucent door.
 26209 | Gauntlet | Found a large runed translucent door.
 26209 | Gauntlet | Found a large runed translucent door.
 26209 | Gauntlet | Found a large runed translucent door.
 26209 | Gauntlet | Found a large runed translucent door.
 26209 | Gauntlet | Found a large runed translucent door.
 26210 | Gauntlet | Found a large runed translucent door.
 26210 | Gauntlet | Found a large runed translucent door.
 26223 | Gauntlet | Found a transporter.
 26233 | Gauntlet | Found a transporter.
 26238 | Gauntlet | Found a transporter.
 26253 | Gauntlet | Found the +2 cloak of the Thief {*Fog Slay-2 SInv Stlth+}
 26255 | Gauntlet | Found a transporter.
 26273 | Gauntlet | Found a transporter.
 26283 | Gauntlet | Noticed a quicksilver ooze
 26285 | Gauntlet | Found a transporter.
 26296 | Gauntlet | Found the +1 cloak of Starlight {*Dazzle EV+4 Stlth--}
 26297 | Gauntlet | Found a transporter.
 26299 | Gauntlet | Noticed a reaper
 26309 | Gauntlet | Found a transporter.
 26315 | Gauntlet | Found a transporter.
 26315 | Gauntlet | Found a transporter.
 26329 | Gauntlet | Noticed a cacodemon
 26330 | Gauntlet | Found a transporter.
 26347 | Gauntlet | Found a transporter.
 26386 | Gauntlet | Found a transporter.
 26404 | Gauntlet | Found a large runed translucent door.
 26405 | Gauntlet | Found a large runed translucent door.
 26409 | Gauntlet | Found a runed translucent gate.
 26409 | Gauntlet | Found a runed translucent gate.
 26409 | Gauntlet | Found a runed translucent gate.
 26411 | Gauntlet | Found a transporter.
 26413 | Gauntlet | Found a transporter.
 26419 | Gauntlet | Found a large runed translucent door.
 26420 | Gauntlet | Found a large runed translucent door.
 26433 | Gauntlet | Found a transporter.
 26529 | Gauntlet | Found a transporter.
 26843 | Gauntlet | Identified the amulet "Kotidyop" {Spirit Int+4}
 26863 | Gauntlet | Slain by a harpy zombie

Illustrated notes

Levels and vault maps discovered:
D:1:      saegor_arrival_fortress, layout_loops_ring
D:2:      layout_loops_ring, kennysheep_generic_room_5
D:3:      layout_basic, gammafunk_ghost_abyssal_escape, saegor_snake_ambush,
          uniq_robin, uniq_ijyb
D:4:      lemuel_castle_with_subvaults [lemuel_castle_interior_carwin_1],
          layout_basic, zin_statuary, serial_corexii_hall,
          chequers_hall_statues_y, corexii_hall_statues_x,
          corexii_hall_statues_i
D:5:      layout_basic, vehumet_crystals, hellmonk_ghost_happy_afterlife,
          serial_glass, glass_columns_b, glass_columns_b,
          minmay_stone_trees_small, minmay_gold_behind_fungi, uniq_menkaure
D:6:      layout_gridville, minmay_temple_entry_poolview, serial_shops,
          nicolae_shop_bloodbath_and_beyond, feat_on_display, uniq_eustachio,
          uniq_blork_the_orc
D:7:      layout_basic, uniq_joseph
D:8:      layout_basic, mainiacjoe_overflow_alcove_4,
          gammafunk_ghost_hydra_chop, uniq_maurice
D:9:      layout_loops_ring, nicolae_overflow_hidden_temple, dpeg_lair_monsters,
          enter_bailey_5, serial_library_hellmonk_u_bend
D:10:     cheibrodos_breeding_chamber, layout_irregular_city,
          lemuel_coloured_pillars_altar, old_standard_altar, lightli_minifort,
          uniq_harold, uniq_maggie
D:11:     layout_loops_ring, chequers_serial_rivers_micro_e,
          nicolae_blasting_shop
D:12:     layout_gridville
D:13:     layout_cave_pools, uniq_nessos, uniq_sonja
Temple:   eino_temple_scatter_basement
Lair:1:   layout_misc_corridors, infiniplex_staircase_pool, grunt_megastairs_4
Lair:2:   layout_misc_corridors, pdpol_lair_neglected_garden,
          kennysheep_abandoned_house
Lair:3:   layout_chaotic_city, elwin_shoals_entry_stream,
          guppyfry_snake_entry_garden, guppyfry_lair_drakes, uniq_gastronok,
          uniq_amaemon
Lair:4:   layout_loops_ring, gauntlet_entry_generic, lemuel_fruit_tree
Lair:5:   hellmonk_lair_end_abyssal_woods, layout_gridlike, slime_entry_2,
          serial_bayou_pond_c
Gauntlet: gammafunk_gauntlet_one_two_three
          [minmay_gauntlet_arena_make_your_own_arena,
          gammafunk_gauntlet_arena_split_x, nicolae_gauntlet_arena_grate_2,
          gammafunk_gauntlet_arena_teeth, gammafunk_gauntlet_arena_chambers,
          gammafunk_gauntlet_arena_grid, nicolae_gauntlet_swirl,
          nicolae_gauntlet_arena_x, nicolae_gauntlet_arena_flowing_pool,
          gauntlet_exit_green]

Skill      XL: |  1  2  3  4  5  6  7  8  9 10 11 12 13 |
---------------+----------------------------------------+-----
Spellcasting   | 4 5 6 7 9 11 12 14 15 17 18 | 18.2
Air Magic      | 4 5 7 8 10 11 12 13 14 | 14.4
Dodging        | 3 6 9 11 13 14 | 14.4
Conjurations   | 4 7 |  7.3
Stealth        | |  2.8

Action                     |  1- 3 |  4- 6 |  7- 9 | 10-12 | 13-15 || total
---------------------------+-------+-------+-------+-------+-------++-------
  Melee: Staff             |       |     2 |     2 |       |     1 ||     5
   Cast: Shock             |    77 |   160 |   153 |    97 |       ||   487
         Static Discharge  |       |    12 |     9 |     5 |       ||    26
         Swiftness         |       |     2 |     5 |     5 |     2 ||    14
         Airstrike         |       |       |   124 |   305 |   166 ||   595
         Freezing Cloud    |       |       |       |     2 |    15 ||    17
 Invoke: Ancestor Life: Kn |       |       |       |     1 |       ||     1
         Recall Ancestor   |       |       |       |     2 |     2 ||     4
    Use: Scroll            |     4 |     2 |       |    10 |     2 ||    18
         Potion            |       |       |       |     3 |     4 ||     7
 Armour: Robe              |     5 |    24 |    22 |    11 |       ||    62
         Steam dragon scal |       |       |       |    29 |    21 ||    50
  Dodge: Dodged            |     8 |    17 |    15 |    56 |    25 ||   121

Table legend: (Time is in decaauts)
 A = Elapsed time spent in this place.
 B = Non-inter-level travel time spent in this place.
 C = Inter-level travel time spent in this place.
 D = Time resting spent in this place.
 E = Time spent auto-exploring this place.
 F = Levels seen in this place.
 G = Mean time per level.
                   A        B        C        D        E       F      G
               +--------+--------+--------+--------+--------+-----+--------+
         Total |  26859 |  25994 |    865 |  11040 |  11431 |  21 | 1279.0 |
       Dungeon |  19143 |  18538 |    605 |   6715 |   9296 |  13 | 1472.5 |
        Temple |     95 |      1 |     94 |      0 |      0 |   1 |   95.0 |
          Lair |   4419 |   4253 |    166 |   1908 |   1837 |   5 |  883.8 |
        Bailey |   2544 |   2544 |      0 |   2275 |      0 |   1 | 2544.0 |
      Gauntlet |    655 |    655 |      0 |    142 |    298 |   1 |  655.0 |
               +--------+--------+--------+--------+--------+-----+--------+

Top non-repeatable levels by time:
     D:4: 4717 daAuts
  Bailey: 2544 daAuts
  Lair:2: 2328 daAuts
     D:7: 1814 daAuts
     D:5: 1749 daAuts
    D:10: 1496 daAuts
    D:12: 1383 daAuts
     D:3: 1339 daAuts
     D:8: 1287 daAuts
    D:11: 1228 daAuts
     D:9: 1143 daAuts
     D:1: 1055 daAuts
     D:2: 993 daAuts
     D:6: 911 daAuts
  Lair:1: 870 daAuts
